 Dungeon Crawl Stone Soup version 0.29-a0-668-g12ee2bf84d (webtiles) character file.

Game seed: 8001212675134307366

24103 hquester1 the Protected (level 12, 0/159 HPs)
             Began as a Minotaur Fighter on June 23, 2022.
             Was a High Priest of Okawaru.
             Slain by a 13-headed hydra (3 damage)
             ... on level 3 of the Lair of Beasts.
             The game lasted 00:48:35 (13608 turns).

hquester1 the Protected (Minotaur Fighter)         Turns: 13608, Time: 00:48:37

Health: 0/159      AC: 30    Str: 23    XL:     12   Next: 77%
Magic:  16/16      EV:  2    Int: 11    God:    Okawaru [*****.]
Gold:   596        SH: 11    Dex: 13    Spells: 11/11 levels left

rFire   . . .      SeeInvis .   f - +8 trident of the Octopus King {venom, rElec rPois}
rCold   . . .      Faith    .   c - +0 buckler
rNeg    . . .      Spirit   .   (body armour currently unavailable)
rPois   +          Reflect  +   (helmet currently unavailable)
rElec   +          Harm     .   (cloak currently unavailable)
rCorr   .          Rampage  .   (gloves currently unavailable)
Will    .....      NoTele   +   (boots currently unavailable)
Stlth   +.........              F - amulet of reflection
HPRegen 0.36/turn               J - +6 ring of intelligence
MPRegen 0.15/turn               W - +4 ring of protection

@: tree-form
A: stationary, stasis, torment immunity, boosted hp, (horns 2), (retaliatory
headbutt)
a: Renounce Religion, Heroism, Finesse, Duel


You were on level 3 of the Lair of Beasts.
You worshipped Okawaru.
Okawaru was extremely pleased with you.
You were a tree.
You visited 3 branches of the dungeon, and saw 14 of its levels.
You also visited: Bailey.

You collected 782 gold pieces.
You spent 186 gold pieces at shops.

Inventory:

Hand Weapons
 b - a +2 vampiric demon whip
 f - the +8 trident of the Octopus King (weapon) {venom, rElec rPois}
   (You found it on level 1 of the Lair of Beasts)

   It poisons the flesh of those it strikes.
   rElec:     It insulates you from electricity.
   rPois:     It protects you from poison.
 Q - a +4 broad axe of venom
Missiles
 K - 5 throwing nets (quivered)
Armour
 c - a +0 buckler (worn)
 e - a +2 cloak (melded)
 n - a +1 pair of boots (melded)
 I - a +2 pair of gloves (melded)
 L - a +3 chain mail (melded)
Jewellery
 a - a ring of fire
 h - a ring of protection from fire
 s - a ring of protection from fire
 F - an amulet of reflection (around neck)
 J - a +6 ring of intelligence (left branch)
 O - a ring of positive energy
 R - a ring of fire
 W - a +4 ring of protection (right branch)
Wands
 y - a wand of polymorph (6)
 E - a wand of iceblast (33)
 G - a wand of paralysis (1)
 P - a wand of light (17)
 T - a wand of mindburst (8)
Scrolls
 i - 2 scrolls of poison
 k - a scroll of amnesia {unknown}
 l - 4 scrolls of teleportation
 m - a scroll of immolation {unknown}
 o - 2 scrolls of noise
 q - a scroll of magic mapping
 r - a scroll of summoning {unknown}
 t - a scroll of acquirement {unknown}
 u - a scroll of fear {unknown}
 C - 2 scrolls of torment
 D - 2 scrolls of vulnerability {unknown}
Potions
 d - 4 potions of might
 g - 3 potions of mutation
 j - 5 potions of attraction
 p - 6 potions of curing
 w - 5 potions of invisibility
 A - 5 potions of resistance
 B - 5 potions of brilliance
 N - 3 potions of magic
 S - a potion of berserk rage


   Skills:
 + Level 10.2 Fighting
 + Level 9.3(11.1) Axes
 + Level 9.9(11.5) Maces & Flails
 + Level 10.5 Armour
 + Level 8.8 Dodging
 + Level 10.4 Shields
 + Level 6.9 Invocations
 + Level 6.1 Evocations


You had 11 spell levels left.
You didn't know any spells.
Your spell library contained the following spells:

 Spells                   Type           Power      Damage    Failure   Level
 Foxfire                  Conj/Fire      0%         2x1d4     38%         1
 Shock                    Conj/Air       0%         1d3       38%         1
 Blink                    Tloc           0%         N/A       54%         2
 Dazzling Flash           Conj/Hex       0%         N/A       77%         3
 Gell's Gravitas          Tloc           0%         N/A       77%         3
 Ignite Poison            Fire/Tmut/Pois 0%         N/A       77%         3
 Mephitic Cloud           Conj/Pois/Air  0%         N/A       77%         3
 Swiftness                Air            0%         N/A       77%         3
 Teleport Other           Tloc           0%         N/A       77%         3
 Airstrike                Air            0%         N/A       99%         4
 Anguish                  Hex/Necr       0%         N/A       99%         4
 Iskenderun's Mystic Bla  Conj/Tloc      0%         2d3       99%         4
 Freezing Cloud           Conj/Ice/Air   0%         6-21      100%        5
 Iskenderun's Battlesphe  Conj           0%         2d6       100%        5
 Lightning Bolt           Conj/Air       0%         1d11      100%        5
 Manifold Assault         Tloc           0%         N/A       100%        5
 Dispersal                Tloc           0%         N/A       100%        6
 Starburst                Conj/Fire      0%         6d3       100%        6
 Enfeeble                 Hex            0%         N/A       100%        7
 Storm Form               Tmut/Air       0%         N/A       100%        7
 Chain Lightning          Conj/Air       0%         N/A       100%        9
 Polar Vortex             Ice            0%         N/A       100%        9
 Simulacrum               Ice/Necr       Unusable   N/A       N/A         6

Dungeon Overview and Level Annotations

Branches:
Dungeon (10/15)            Temple (1/1) D:4            Lair (3/6) D:8
    Orc (0/2) D:10         Bailey (visited)
  Swamp: Lair:2-4    Shoals: Lair:2-4     Snake: Lair:2-4    Spider: Lair:2-4

Altars:
Ashenzari
Cheibriados
Dithmenos
Elyvilon
Fedhas
Gozag
Hepliaklqana
Kikubaaqudgha
Makhleb
Nemelex Xobeh
Okawaru
Qazlal
Ru
Sif Muna
Trog
Uskayaw
Vehumet
Wu Jian
Xom
Yredelemnul
Zin
The Shining One

Shops:
D:6 *   D:8 ?   D:10 [

Annotations:
Lair:2 3 runed translucent doors, Gus979's ghost, journeyman DsNe


Innate Abilities, Weirdness & Mutations

You are a tree.
Your roots penetrate the ground, keeping you stationary.
You cannot be teleported.
You are immune to unholy pain and torment.
Your maximum health is greatly increased.
Your equipment is partially melded.
((You have a pair of horns on your head.))
((You reflexively headbutt those who attack you in melee.))


Message History

The 13-headed hydra closely misses you.
The 13-headed hydra bites you but does no damage.
The 13-headed hydra completely misses you.
The 13-headed hydra bites you but does no damage.
The 13-headed hydra misses you. The 13-headed hydra bites you.
* * * LOW HITPOINT WARNING * * *
The 13-headed hydra bites you but does no damage.
You block the 13-headed hydra's attack. x2
You puncture the 13-headed hydra! You headbutt the 13-headed hydra.
The 13-headed hydra is almost dead.
You block the 13-headed hydra's attack. The 13-headed hydra bites you!
* * * LOW HITPOINT WARNING * * *
The 13-headed hydra barely misses you. The 13-headed hydra misses you.
The 13-headed hydra bites you but does no damage.
You block the 13-headed hydra's attack. x2
The 13-headed hydra bites you but does no damage.
The 13-headed hydra barely misses you.
The 13-headed hydra bites you but does no damage. x2
The 13-headed hydra barely misses you.
The 13-headed hydra bites you but does no damage.
You feel better. The 13-headed hydra bites you.
* * * LOW HITPOINT WARNING * * *
You block the 13-headed hydra's attack. x2
The 13-headed hydra bites you but does no damage. x2
You block the 13-headed hydra's attack.
The 13-headed hydra bites you but does no damage.
The 13-headed hydra closely misses you.
The 13-headed hydra bites you but does no damage.
The 13-headed hydra bites you.
* * * LOW HITPOINT WARNING * * *
The 13-headed hydra barely misses you. x2
You block the 13-headed hydra's attack.
Really quaff the potion of lignification?
You turn into a tree.
Your +2 cloak melds into your body.
Your +2 pair of gloves melds into your body.
Your +1 pair of boots melds into your body.
Your +3 chain mail melds into your body.
Your roots penetrate the ground.
You block the 13-headed hydra's attack. x2
The 13-headed hydra bites you.
You die...

.. .#. ... ..
.#..#. #
....#.# .#
#..... #.#
..#.#..##..#
...........#
#..D#.# #..♣.#
............<..
#.##....##.#...
##...# ... .
##.## #... ..
..# ## ##


You could see a 13-headed hydra (poisoned).

Vanquished Creatures
  A boulder beetle (D:9)
  4 hydras
  A centaur warrior (D:9)
  A two-headed ogre (D:9)
  Amaemon (D:8)
  A sea snake (shapeshifter) (D:9)
  An orc knight (D:9)
  2 ugly things (D:9)
  A cyclops (D:9)
  Maurice (D:7)
  An orange demon (D:8)
  Maggie (D:8)
  5 cane toads
  Psyche (D:8)
  An unseen horror (D:9)
  2 komodo dragons
  A rime drake (Lair:2)
  An efreet (D:9)
  2 trolls (D:9)
  Grinder (D:3)
  5 hornets
  A wraith (D:9)
  7 wyverns
  11 yaks
  2 vampires (D:10)
  3 steam dragons (D:9)
  5 acid dragons
  8 water moccasins
  13 orc warriors
  5 sky beasts
  2 black bears (D:8)
  2 ice beasts
  6 wolves
  3 centaurs
  2 kobold brigands
  10 gnoll sergeants
  12 bullfrogs
  A necrophage (D:5)
  6 wights (D:9)
  16 killer bees
  4 howler monkeys
  A crimson imp (D:8)
  6 hounds
  6 orc priests
  6 jellies
  8 gnoll shamans
  4 iguanas
  12 orc wizards
  Robin (D:4)
  11 adders
  23 gnolls
  2 shadow imps
  A white imp (D:8)
  An ufetubus (D:5)
  2 worms
  39 orcs
  4 bats
  4 endoplasms
  4 giant cockroaches
  23 goblins
  10 hobgoblins
  4 jackals (D:2)
  11 kobolds
  4 quokkas
  6 ball pythons
  5 frilled lizards
  4 rats
356 creatures vanquished.

Vanquished Creatures (others)
  A wolf (D:8)
  An orc (D:8)
  6 fungi
  15 plants
23 creatures vanquished.

Grand Total: 379 creatures vanquished

Notes
Turn   | Place    | Note
-------+----------+-------------------------------------------
     0 | D:1      | hquester1 the Minotaur Fighter began the quest for the Orb.
     0 | D:1      | Reached XP level 1. HP: 19/19 MP: 0/0
   115 | D:1      | Reached XP level 2. HP: 23/27 MP: 1/1
   636 | D:2      | Reached XP level 3. HP: 33/33 MP: 2/2
   683 | D:2      | Got the Volume of Arcane Weapons and Lightness
  1040 | D:2      | Reached skill level 1 in Dodging
  1115 | D:2      | Found a bloodstained altar of Trog.
  1121 | D:2      | Reached XP level 4. HP: 40/40 MP: 3/3
  1123 | D:2      | Identified the +1 hand axe "Efea" {venom, rC++ Will+ Dex+4}
  1532 | D:3      | Found a faded altar of an unknown god.
  1632 | D:3      | Found an ancient bone altar of Kikubaaqudgha.
  1919 | D:3      | Noticed Grinder
  1944 | D:3      | Killed Grinder
  1945 | D:3      | Reached skill level 1 in Axes
  1945 | D:3      | Reached skill level 5 in Shields
  1945 | D:3      | Reached XP level 5. HP: 36/47 MP: 4/4
  1945 | D:3      | Reached XP level 6. HP: 43/55 MP: 5/5
  2219 | D:4      | Found a staircase to the Ecumenical Temple.
  2223 | D:4      | Reached skill level 5 in Fighting
  2229 | Temple   | Entered the Ecumenical Temple
  2238 | Temple   | Became a worshipper of Warmaster Okawaru
  2636 | D:4      | Reached skill level 5 in Armour
  2682 | D:4      | Identified the +1 helmet of Intercession {Rampage rPois
                  | Will-}
  2682 | D:4      | Noticed Robin
  2689 | D:4      | Killed Robin
  3189 | D:5      | Entered Level 5 of the Dungeon
  3199 | D:5      | Reached XP level 7. HP: 46/61 MP: 6/6
  3407 | D:5      | Found a hazy altar of Hepliaklqana.
  3687 | D:5      | Reached * piety under Okawaru
  3961 | D:5      | Reached skill level 5 in Maces & Flails
  4111 | D:5      | Identified the +5 short sword of Saltpetre {elec, Fly rPois
                  | rF+}
  4273 | D:6      | Reached XP level 8. HP: 68/70 MP: 7/7
  4381 | D:6      | Reached ** piety under Okawaru
  4492 | D:6      | Found a bloodstained altar of Trog.
  4654 | D:6      | Found Vemess's Neck Hole.
  4989 | D:6      | Reached skill level 1 in Invocations
  5001 | D:6      | Reached skill level 1 in Evocations
  5147 | D:7      | Reached XP level 9. HP: 48/78 MP: 7/9
  5156 | D:7      | Found a flagged portal.
  5177 | Bailey   | Entered a bailey
  5380 | Bailey   | Reached *** piety under Okawaru
  5381 | Bailey   | Reached skill level 5 in Axes
  5381 | Bailey   | Reached skill level 5 in Dodging
  6309 | D:7      | Reached **** piety under Okawaru
  6519 | D:7      | Reached XP level 10. HP: 81/86 MP: 11/11
  6969 | D:8      | Noticed Maurice
  6969 | D:8      | Noticed an orange demon
  6997 | D:7      | Killed Maurice
  6997 | D:7      | Received a gift from Okawaru
  7256 | D:8      | Noticed Amaemon
  7261 | D:8      | Killed an orange demon
  7274 | D:8      | Killed Amaemon
  7274 | D:8      | Reached ***** piety under Okawaru
  7274 | D:8      | Received a gift from Okawaru
  7336 | D:8      | Noticed Psyche
  7349 | D:8      | Noticed Maggie
  7357 | D:8      | Killed Psyche
  7366 | D:8      | Killed Maggie
  7517 | D:8      | Found a staircase to the Lair.
  7599 | D:8      | You fall into a shaft and drop 1 floor!
  7617 | D:9      | Reached XP level 11. HP: 88/95 MP: 13/13
  7618 | D:9      | Noticed a centaur warrior
  7633 | D:9      | Killed a centaur warrior
  7670 | D:9      | Reached skill level 5 in Invocations
  7776 | D:9      | Noticed a boulder beetle
  7800 | D:9      | Noticed a sea snake
  7812 | D:9      | Killed a sea snake
  7830 | D:9      | Killed a boulder beetle
  7978 | D:9      | Paralysed by a hornet for 3 turns
  8715 | D:8      | Found Ofruatz's Magic Scroll Shoppe.
  8894 | D:8      | Bought a scroll of identify for 22 gold pieces
  8894 | D:8      | Bought a scroll of identify for 22 gold pieces
  8894 | D:8      | Bought a scroll of enchant armour for 82 gold pieces
  8894 | D:8      | Bought a scroll of poison for 38 gold pieces
  8894 | D:8      | Bought a scroll of identify for 22 gold pieces
  9102 | D:9      | Noticed a two-headed ogre
  9114 | D:9      | Killed a two-headed ogre
  9160 | D:9      | Noticed an orc knight
  9182 | D:9      | Killed an orc knight
  9183 | D:9      | Reached skill level 5 in Evocations
  9365 | D:9      | Noticed a cyan ugly thing
  9368 | D:9      | Noticed a green ugly thing
  9377 | D:9      | Killed a cyan ugly thing
  9396 | D:9      | Killed a green ugly thing
  9417 | D:9      | Identified the +0 pair of gloves "Xeus" {*Corrode +Inv
                  | rC++} (Okawaru gifted it to you on level 9 of the Dungeon)
  9417 | D:9      | Received a gift from Okawaru
  9622 | D:9      | Reached XP level 12. HP: 105/105 MP: 15/15
 10177 | D:10     | Entered Level 10 of the Dungeon
 10740 | D:10     | Found Felaesio's Antique Armour Emporium.
 11071 | D:10     | Found a staircase to the Orcish Mines.
 11298 | Lair:1   | Entered Level 1 of the Lair of Beasts
 11300 | Lair:1   | Noticed a seven-headed hydra
 11472 | Lair:1   | Killed a seven-headed hydra
 11473 | Lair:1   | Reached skill level 10 in Armour
 11473 | Lair:1   | Reached skill level 10 in Shields
 11540 | Lair:1   | Found the +8 trident of the Octopus King {venom, rElec
                  | rPois}
 11563 | Lair:1   | Noticed a six-headed hydra
 11573 | Lair:1   | Killed a six-headed hydra
 11852 | Lair:1   | Reached skill level 10 in Fighting
 12179 | Lair:1   | Noticed a seven-headed hydra
 12190 | Lair:1   | Killed a seven-headed hydra
 12842 | Lair:2   | Noticed a five-headed hydra
 12853 | Lair:2   | Killed a five-headed hydra
 13264 | Lair:2   | Found a runed translucent gate.
 13264 | Lair:2   | Found a runed translucent gate.
 13264 | Lair:2   | Found a runed translucent gate.
 13270 | Lair:2   | Noticed Gus979's ghost (journeyman DsNe)
 13592 | Lair:3   | Noticed a seven-headed hydra
 13606 | Lair:3   | HP: 1/106 [13-headed hydra (10)]
 13608 | Lair:3   | Slain by a 13-headed hydra

Illustrated notes

Levels and vault maps discovered:
D:1:      noname_arrival_rooms_in_the_neighbourhood, layout_rooms
D:2:      layout_loops_corners, basic_altar, moated_statue,
          chequers_serial_rivers_micro_e, grunt_ministairs_1
D:3:      layout_rooms, nicolae_kikubaaqudgha_miasma_corner,
          basic_ecumenical_altar, grunt_decor_clamped, uniq_grinder
D:4:      layout_loops_cross, minmay_temple_entry_butterflies, kennysheep_dice,
          uniq_robin
D:5:      layout_loops_ring, worldfamousw_hep_ancestral_shrine,
          kennysheep_generic_room_6
D:6:      layout_basic, mainiacjoe_overflow_alcove_2,
          nicolae_shop_sticking_my_neck_out
D:7:      layout_basic, enter_bailey_5
D:8:      layout_basic, minmay_lair_entry_grove, serial_shops,
          nicolae_inconvenience_store, minmay_fire_ice_demons, uniq_maggie,
          uniq_maurice, uniq_amaemon, uniq_psyche
D:9:      minmay_the_grid_3x3 [minmay_the_grid_rooms, minmay_the_grid_doors,
          minmay_the_grid_holed_spiral, minmay_the_grid_expand,
          minmay_the_grid_slots, minmay_the_grid_square_x,
          minmay_the_grid_armoury, minmay_the_grid_embedded,
          minmay_the_grid_prize_big_room], layout_basic
D:10:     layout_rooms, erik_orc_2, serial_shops, kennysheep_mini,
          minmay_lindwurm_lava
Temple:   compressed_dpeg_triangle_lava_temple
Lair:1:   layout_gridlike
Lair:2:   layout_cave_pods, gammafunk_ghost_necromancy, st_stairs_7,
          nicolae_lair_grove_arrangements
Lair:3:   layout_loops_ring, shoals_dummy_entry, grunt_forest_large_clearings,
          uniq_gastronok, uniq_urug

Skill      XL: |  1  2  3  4  5  6  7  8  9 10 11 12 |
---------------+-------------------------------------+-----
Shields        | 4 5 6 7 8 9 10 | 10.4
Fighting       | 4 5 6 7 8 9 10 | 10.2
Armour         | 4 5 6 7 8 9 10 | 10.5
Maces & Flails | 3 4 5 6 8 9 |  9.9
Dodging        | 1 2 3 4 5 6 7 8 |  8.8
Axes           | 1 2 3 4 6 7 8 9 |  9.3
Invocations    | 2 3 4 5 6 |  6.9
Evocations     | 1 3 4 5 6 |  6.1

Action                   |  1- 3 |  4- 6 |  7- 9 | 10-12 || total
-------------------------+-------+-------+-------+-------++-------
Melee: Flail             |    75 |     1 |       |       ||    76
       Headbutt          |    13 |    20 |    59 |   158 ||   250
       Hand axe          |       |   128 |   284 |    57 ||   469
       Demon whip        |       |       |       |   322 ||   322
       Broad axe         |       |       |       |   240 ||   240
       Trident           |       |       |       |    35 ||    35
Invok: Heroism           |       |       |     3 |     4 ||     7
  Use: Scroll            |       |     6 |     3 |    15 ||    24
       Potion            |       |       |     1 |     7 ||     8
Armor: Scale mail        |     6 |       |       |       ||     6
       Chain mail        |    30 |       |    53 |   379 ||   462
       Plate armour      |     4 |    78 |   100 |       ||   182
Dodge: Dodged            |    35 |    32 |   123 |   306 ||   496
Block: Buckler           |    19 |    26 |   197 |   406 ||   648
       Reflection        |       |       |     2 |     4 ||     6

Table legend: (Time is in decaauts)
 A = Elapsed time spent in this place.
 B = Non-inter-level travel time spent in this place.
 C = Inter-level travel time spent in this place.
 D = Time resting spent in this place.
 E = Time spent auto-exploring this place.
 F = Levels seen in this place.
 G = Mean time per level.
                   A        B        C        D        E       F      G
               +--------+--------+--------+--------+--------+-----+--------+
         Total |  13558 |  13177 |    381 |   2074 |   8138 |  15 |  903.9 |
       Dungeon |  10023 |   9701 |    322 |   1126 |   6178 |  10 | 1002.3 |
        Temple |    328 |    315 |     13 |      0 |    297 |   1 |  328.0 |
          Lair |   2145 |   2099 |     46 |    326 |   1490 |   3 |  715.0 |
        Bailey |   1060 |   1060 |      0 |    622 |    173 |   1 | 1060.0 |
               +--------+--------+--------+--------+--------+-----+--------+

Top non-repeatable levels by time:
     D:9: 1795 daAuts
     D:8: 1242 daAuts
  Lair:2: 1159 daAuts
    D:10: 1090 daAuts
     D:5: 1086 daAuts
     D:7: 1078 daAuts
  Bailey: 1060 daAuts
     D:2: 1059 daAuts
  Lair:1: 968 daAuts
     D:6: 824 daAuts
     D:3: 712 daAuts
     D:4: 654 daAuts
     D:1: 478 daAuts
  Temple: 328 daAuts
  Lair:3: 17 daAuts
